 Dungeon Sprint DCSS version 0.31-a0-1093-gadecf4124d (webtiles) character file.

Game seed: 314768843259491019

48841 Revguard the Warrior (level 14, -11/130 HPs)
             Began as a Demonspawn Monk on Nov 29, 2023.
             Was a High Priest of Jiyva.
             Mangled by an ancient champion
             ... wielding a +3 great sword of freezing
              (12 damage)
             ... in the Dungeon (Sprint V: "Ziggurat Sprint").
             The game lasted 00:16:39 (1024 turns).

Revguard the Warrior (Demonspawn Monk)              Turns: 1024, Time: 00:16:40

Health: -11/130    AC: 42    Str: 20    XL:     14   Next: 13%
Magic:  0/14       EV: 20    Int: 11    God:    Jiyva [*****.]
Gold:   0          SH:  8    Dex: 27    Spells: 13/13 levels left

rFire   . . .        D - +11 Screaming Sword {sonic wave}
rCold   + . .        d - orb {light}
rNeg    . . .        C - +15 Maxwell's patent armour {-Cast -Tele rElec Will+ rCorr}
rPois   .            (no helmet)
rElec   +            (no cloak)
rCorr   +            a - +2 pair of gloves {hurl}
SInv    .            (boots unavailable)
Will    ++...        I - brooch of Shielding {Spirit SH+8} Stlth
                     A - +6 ring of strength
HPRegen 1.85/turn    w - +6 ring of dexterity
MPRegen 0.59/turn

%: no teleportation, no spellcasting, guardian spirit
@: glowing
A: hooves 3, molten scales 1, ignite blood 3, spiny 1, agile 1, shaggy fur 3,
gelatinous body 1, MP-powered wands
a: Renounce Religion, Oozemancy, Slimify


You were in the Dungeon.
You worshipped Jiyva.
Jiyva was extremely pleased with you.
You visited 1 branch

Inventory:

Hand Weapons
 b - the +8 autumn katana {manifold assault}
   (You found it in the Dungeon)
 D - the +11 Screaming Sword (weapon) {sonic wave}
   (You found it in the Dungeon)
 F - the +8 Vampire's Tooth {megavamp}
   (You took it off a deep elf zephyrmancer in the Dungeon)
Armour
 a - a +2 pair of gloves of hurling (worn)
 d - an orb of light (worn)
 C - the +15 Maxwell's patent armour (worn) {-Cast -Tele rElec Will+ rCorr}
   (You found it in the Dungeon)

   rElec:     It insulates you from electricity.
   Will+:     It increases your willpower.
   -Cast:     It prevents spellcasting.
   -Tele:     It prevents most forms of teleportation.
   rCorr:     It protects you from acid and corrosion.
Jewellery
 w - a +6 ring of dexterity (right hand)
 y - a ring of protection from fire
 A - a +6 ring of strength (left hand)
 I - the brooch of Shielding (around neck) {Spirit SH+8}
   (You found it in the Dungeon)

   [amulet of guardian spirit]

   Spirit:    It causes incoming damage to be divided between your reserves of
   health and magic.
   SH+8:      It affects your SH (+8).
Wands
 t - a wand of mindburst (5)
 u - a wand of acid (17)
 v - a wand of digging (11)
 E - a wand of roots (12)
 H - a wand of flame (34)
Scrolls
 j - 4 scrolls of blinking
 n - 5 scrolls of brand weapon
 p - 4 scrolls of amnesia
 q - 7 scrolls of fog
 r - 5 scrolls of identify
 s - 2 scrolls of fear
Potions
 c - a potion of ambrosia
 e - 10 potions of curing
 g - 9 potions of haste
 h - 6 potions of magic
 i - 3 potions of berserk rage
 k - 2 potions of brilliance
 l - 2 potions of invisibility
 m - 3 potions of resistance
 o - 5 potions of might
Miscellaneous
 x - a lightning rod (4/4)
 z - a phantom mirror


   Skills:
 + Level 18.3 Fighting
 + Level 16.9 Long Blades
 + Level 16.8 Armour
 + Level 16.9 Dodging
 + Level 18.0 Evocations


You had 13 spell levels left.
You didn't know any spells.
Your spell library contained the following spells:

 Spells                   Type           Power      Damage    Failure   Level
 Slow                     Hex            0%         N/A       98%         1
 Blink                    Tloc           0%         N/A       99%         2
 Lesser Beckoning         Tloc           0%         N/A       99%         2
 Momentum Strike          Conj/Tloc      0%         3d8       99%         2
 Scorch                   Fire           0%         2d5       99%         2
 Static Discharge         Conj/Air       0%         3-3/arc   99%         2
 Confusing Touch          Hex            0%         N/A       100%        3
 Hailstorm                Conj/Ice       0%         3d3       100%        3
 Sigil of Binding         Hex            0%         N/A       100%        3
 Stone Arrow              Conj/Erth      0%         3d7       100%        3
 Summon Guardian Golem    Hex/Summ       0%         N/A       100%        3
 Tukima's Dance           Hex            0%         N/A       100%        3
 Vampiric Draining        Necr           0%         2d6       100%        3
 Airstrike                Air            0%         2d(0-16)  100%        4
 Animate Armour           Summ/Erth      0%         N/A       100%        4
 Animate Dead             Necr           0%         N/A       100%        4
 Dimensional Bullseye     Hex/Tloc       0%         N/A       100%        4
 Flame Wave               Conj/Fire      0%         2d4       100%        4
 Iskenderun's Mystic Bla  Conj/Tloc      0%         2d3       100%        4
 Manifold Assault         Tloc           0%         N/A       100%        4
 Summon Lightning Spire   Summ/Air       0%         N/A       100%        4
 Fireball                 Conj/Fire      0%         3d3       100%        5
 Summon Cactus Giant      Summ           0%         N/A       100%        6
 Haunt                    Necr/Summ      0%         N/A       100%        7
 Malign Gateway           Summ/Tloc      0%         N/A       100%        7
 Infestation              Necr           0%         N/A       100%        8
 Lehudib's Crystal Spear  Conj/Erth      0%         10d2      100%        8


Dungeon Overview and Level Annotations

Branches:
Dungeon (1/1)

Altars:
Ashenzari
Cheibriados
Dithmenos
Fedhas
Gozag
Hepliaklqana
Kikubaaqudgha
Makhleb
Nemelex Xobeh
Okawaru
Qazlal
Ru
Sif Muna
Trog
Uskayaw
Vehumet
Wu Jian
Xom
Yredelemnul
Jiyva
Lugonu


Innate Abilities, Weirdness & Mutations

You have hooves in place of feet.
You are partially covered in molten scales. (AC +2)
Your demonic aura causes all spilled blood to erupt in flames.
You are partially covered in sharp spines.
You are agile. (Dex +4, Str/Int -1)
Your thick and shaggy fur keeps you warm. (AC +3, rC+)
Your rubbery body absorbs attacks. (AC +1, EV +1)
You expend magic power (3 MP) to strengthen your wands.


Message History

The ancient champion points at you and mumbles some strange words.
The iron shot hits you!!
* * * LOW HITPOINT WARNING * * *
The quicksilver elemental hits you but does no damage.
The iron golem is struck by your spines.
The iron golem hits you!!
* * * LOW HITPOINT WARNING * * *
The iron golem misses you.
You feel much better.
The ancient champion is engulfed in blazing flames.
The ancient champion closely misses you.
The quicksilver elemental barely misses you.
The ancient champion hits you with a +3 great sword of freezing.
* * * LOW HITPOINT WARNING * * *
The ancient champion freezes you.
* * * LOW HITPOINT WARNING * * *
The quicksilver elemental is struck by your spines.
The quicksilver elemental misses you. The iron golem closely misses you.
The iron golem hits you!
* * * LOW HITPOINT WARNING * * *
Unknown command.
You barely miss the quicksilver elemental.
You kick the quicksilver elemental, but do no damage.
The quicksilver elemental is lightly damaged.
The ancient champion is no longer moving quickly.
The ancient champion hits you with a +3 great sword of freezing!
* * * LOW HITPOINT WARNING * * *
The ancient champion freezes you.
* * * LOW HITPOINT WARNING * * *
The quicksilver elemental is struck by your spines.
The quicksilver elemental completely misses you.
You closely miss the quicksilver elemental.
You kick the quicksilver elemental, but do no damage.
The quicksilver elemental is moderately damaged.
The quicksilver elemental is struck by your spines.
The quicksilver elemental barely misses you.
The iron golem closely misses you. The iron golem hits you.
* * * LOW HITPOINT WARNING * * *
The ancient champion hits you with a +3 great sword of freezing!
You die...

▓.... ▓. .......
▓.... ▓. .......
▓....
▓.............▓..▓.
▓.............▓.▓.▓
▓. .......... ▓..▓.
▓. .9.....▓ ▓....
▓E▓▓▓)E...▓▓ ▓▓▓▓▓
▓☼@▓.......▓..▓....
▓§z91.........▓...|
▓.9....©......▓...)
▓▓▓▓▓▓▓▓▓▓▓▓▓▓▓....
▓.... ▓.... ▓....
▓.... ▓..▓.


You could see an iron golem, a Hell Sentinel, a quicksilver elemental, an
ancient champion and a war gargoyle.

Vanquished Creatures
  An ancient lich (D)
  4 deep elf master archers (D)
  2 ancient champions (D)
  A nargun (D)
  A deep elf sorcerer (D)
  2 fire giants (D)
  A quicksilver elemental (D)
  A ghoul (D)
  An ironbound preserver (D)
  2 very ugly things (D)
  3 war gargoyles (D)
  2 stone giants (D)
  A green draconian (D)
  A wendigo (D)
  A deep elf annihilator (D)
  A red draconian (D)
  A deep elf high priest (D)
  4 two-headed ogres (D)
  2 dancing weapons (D)
  A vampire mage (D)
  A deep elf knight (D)
  A skeletal warrior (D)
  4 deep elf archers (D)
  5 deep elf pyromancers (D)
  2 deep elf zephyrmancers (D)
  A necromancer (D)
  2 ugly things (D)
  2 cyclopes (D)
  6 draconians (D)
  5 toenail golems (D)
  A hellion (D)
  2 cane toads (D)
  A yaktaur (D)
  3 tormentors (D)
  3 freezing wraiths (D)
  An ice devil (D)
  4 trolls (D)
  A hornet (D)
  A shadow (D)
  2 spriggans (D)
  A vampire (D)
  2 water elementals (D)
  An ushabti (D)
  A yak (D)
  A neqoxec (D)
  A small abomination (D)
  A sky beast (D)
  2 black bears (D)
  An ogre (D)
  6 wolves (D)
  2 necrophages (D)
  A bullfrog (D)
  An earth elemental (D)
  A wight (D)
  2 quasits (D)
  An iron imp (D)
  5 mummies (D)
  3 adders (D)
  A river rat (D)
  A shadow imp (D)
  A white imp (D)
  An adder zombie (D)
  2 adder simulacra (D)
  A ball python (D)
  A ball python simulacrum (D)
  2 ball python skeletons (D)
  A giant cockroach zombie (D)
  A quokka simulacrum (D)
  A quokka skeleton (D)
127 creatures vanquished.

Vanquished Creatures (collateral kills)
  A war gargoyle (D)
1 creature vanquished.

Vanquished Creatures (others)
  2 acid blobs (D)
  A two-headed ogre (shapeshifter) (D)
  A glowing orange brain (shapeshifter) (D)
  A sea snake (shapeshifter) (D)
  An orb spider (shapeshifter) (D)
  A shining eye (D)
  A harpy (shapeshifter) (D)
  A mana viper (shapeshifter) (D)
  3 shining eyes (shapeshifter) (D)
  An elephant (shapeshifter) (D)
  A cyclops (shapeshifter) (D)
  An eye of devastation (shapeshifter) (D)
  A rime drake (shapeshifter) (D)
  A komodo dragon (shapeshifter) (D)
  A troll (shapeshifter) (D)
  A merfolk (shapeshifter) (D)
  A blink frog (shapeshifter) (D)
  A snapping turtle (shapeshifter) (D)
  2 glass eyes (shapeshifter) (D)
  3 golden eyes (shapeshifter) (D)
  A swamp worm (shapeshifter) (D)
  An acid dragon (shapeshifter) (D)
  A water moccasin (shapeshifter) (D)
  An ogre (shapeshifter) (D)
  A black bear (shapeshifter) (D)
  2 boggarts (shapeshifter) (D)
  A wolf (shapeshifter) (D)
  A centaur (shapeshifter) (D)
  A scorpion (shapeshifter) (D)
  2 killer bees (shapeshifter) (D)
  3 howler monkeys (shapeshifter) (D)
  A hound (shapeshifter) (D)
  2 jellies (shapeshifter) (D)
  11 jellies (D)
  An iguana (shapeshifter) (D)
  A gnoll (shapeshifter) (D)
  2 adders (shapeshifter) (D)
  3 river rats (shapeshifter) (D)
  A worm (shapeshifter) (D)
  An adder simulacrum (D)
  A dart slug (shapeshifter) (D)
  An orc (shapeshifter) (D)
  An endoplasm (shapeshifter) (D)
  A giant cockroach (shapeshifter) (D)
  2 hobgoblins (shapeshifter) (D)
  2 jackals (shapeshifter) (D)
  2 ball pythons (shapeshifter) (D)
  2 bats (shapeshifter) (D)
  A jackal simulacrum (D)
  A rat (shapeshifter) (D)
78 creatures vanquished.

Grand Total: 206 creatures vanquished

Notes
Turn   | Place    | Note
-------+----------+-------------------------------------------
     0 | D        | Revguard the Demonspawn Monk began the quest for the Orb.
     0 | D        | Reached XP level 1. HP: 18/18 MP: 1/1
     0 | D        | Found a shimmering blue altar of Sif Muna.
     0 | D        | Found a bloodstained altar of Trog.
     0 | D        | Found a sacrificial altar of Ru.
     0 | D        | Found a stormy altar of Qazlal.
     0 | D        | Found an iron altar of Okawaru.
     1 | D        | Found a sparkling altar of Nemelex Xobeh.
     1 | D        | Found a blossoming altar of Fedhas.
     1 | D        | Found the +6 Majin-Bo {spellvamp, MP+6 Int+6}
     1 | D        | Found the +27 heavy crossbow "Sniper" {heavy, Acc+∞ SInv}
     1 | D        | Found the +10 dark maul {heavy}
     1 | D        | Found the +15 Maxwell's patent armour {-Cast -Tele rElec
                  | Will+ rCorr}
     1 | D        | Found the +18 shield of the Gong {Loud rN+ Will+ rCorr
                  | EV-5}
     1 | D        | Found the +16 obsidian axe {drain, demonic, Mesm Drain Fly
                  | SInv}
     1 | D        | Found the +7 great mace "Firestarter" {flame, immolate,
                  | rFlCloud rF++}
     1 | D        | Found the +6 shillelagh "Devastator" {shatter}
     1 | D        | Found the +11 plutonium sword {Contam Stlth-}
     1 | D        | Found the +8 lance "Wyrmbane" {slay drac, rPois rF+ rC+
                  | AC+3}
     1 | D        | Found the +9 sword of Zonguldrok {reap}
     1 | D        | Found the +13 scythe of Curses {drain, curses, Drain}
     1 | D        | Found the +9 sword of Power {lifebolt}
     1 | D        | Found the +7 mace of Variability {chaos, chaos arc}
     1 | D        | Found the +11 Singing Sword {sonic wave}
     1 | D        | Found the +8 storm bow {elec, penet}
     3 | D        | Found a transporter.
     3 | D        | Found an ancient bone altar of Kikubaaqudgha.
     3 | D        | Found a viscous altar of Jiyva.
     3 | D        | Found a corrupted altar of Lugonu.
     3 | D        | Found a hazy altar of Hepliaklqana.
     3 | D        | Found a burning altar of Makhleb.
     3 | D        | Found an opulent altar of Gozag.
    41 | D        | Became a worshipper of Jiyva Jive the Shapeless
    41 | D        | Reached * piety under Jiyva
    41 | D        | Reached ** piety under Jiyva
    42 | D        | Gained mutation: Your demonic aura sometimes causes spilled
                  | blood to erupt in flames. [demonic ancestry]
    42 | D        | Reached XP level 2. HP: 25/25 MP: 2/2
    45 | D        | Killed a merfolk
    47 | D        | Entered arena 2.
    47 | D        | Noticed a yaktaur
    47 | D        | Noticed an ironbound preserver
    47 | D        | Found a transporter.
    47 | D        | Killed a howler monkey
    48 | D        | Killed a shining eye
    48 | D        | Killed a shining eye
    49 | D        | Killed a two-headed ogre
    53 | D        | Killed a cyclops
    54 | D        | Killed an ironbound preserver
    54 | D        | Killed a glass eye
    55 | D        | Reached XP level 3. HP: 24/37 MP: 3/3
    55 | D        | Reached XP level 4. HP: 29/44 MP: 4/4
    55 | D        | Reached XP level 5. HP: 32/49 MP: 5/5
    55 | D        | Gained mutation: You are partially covered in molten
                  | scales. (AC +2) [demonic ancestry]
    55 | D        | Reached XP level 6. HP: 37/56 MP: 6/6
    55 | D        | Gained mutation: You have large cloven feet. [demonic
                  | ancestry]
    55 | D        | Reached XP level 7. HP: 41/62 MP: 7/7
    55 | D        | Killed an orb spider
    55 | D        | Killed a sea snake
    56 | D        | Killed a shining eye
    57 | D        | Killed a yaktaur
    57 | D        | Killed a snapping turtle
    58 | D        | Gained mutation: You have hoof-like feet. [demonic
                  | ancestry]
    58 | D        | Reached XP level 8. HP: 51/69 MP: 8/8
    58 | D        | Killed a komodo dragon
    60 | D        | Killed an elephant
    62 | D        | Killed an eye of devastation
    62 | D        | Killed a glowing orange brain
    71 | D        | Killed a shining eye
    79 | D        | Killed a glass eye
    80 | D        | Entered arena 3.
    80 | D        | Found a transporter.
    92 | D        | Killed a rime drake
    97 | D        | Entered arena 4.
    97 | D        | Found a transporter.
   111 | D        | Got the Incunabulum of Outbursts
   111 | D        | Killed a mana viper
   114 | D        | Entered arena 5.
   114 | D        | Reached *** piety under Jiyva
   114 | D        | Found a transporter.
   129 | D        | Killed a harpy
   133 | D        | Entered arena 6.
   133 | D        | Noticed a toenail golem
   133 | D        | Noticed a toenail golem
   133 | D        | Noticed a toenail golem
   133 | D        | Noticed a toenail golem
   133 | D        | Noticed a toenail golem
   133 | D        | Found a transporter.
   133 | D        | Gained mutation: You are agile. (Dex +4, Str/Int -1)
                  | [Jiyva's grace]
   133 | D        | Gained mutation: You are very agile. (Dex +8, Str/Int -2)
                  | [Jiyva's grace]
   133 | D        | Gained mutation: Your rubbery body absorbs attacks. (AC +1,
                  | EV +1) [Jiyva's grace]
   133 | D        | Gained mutation: Your pliable body absorbs attacks. (AC +2,
                  | EV +2) [Jiyva's grace]
   138 | D        | Killed a toenail golem
   139 | D        | Killed a toenail golem
   140 | D        | Gained mutation: You have hooves in place of feet. [demonic
                  | ancestry]
   140 | D        | Reached XP level 9. HP: 78/78 MP: 9/9
   140 | D        | Killed a toenail golem
   140 | D        | Killed a toenail golem
   141 | D        | Reached skill level 10 in Fighting
   141 | D        | Killed a toenail golem
   142 | D        | Reached skill level 10 in Evocations
   155 | D        | Entered arena 7.
   155 | D        | Noticed a spriggan rider
   156 | D        | Found a transporter.
   159 | D        | Killed a troll
   162 | D        | Reached skill level 10 in Long Blades
   162 | D        | Reached skill level 10 in Armour
   162 | D        | Reached skill level 10 in Dodging
   165 | D        | Gained mutation: Your demonic aura often causes spilled
                  | blood to erupt in flames. [demonic ancestry]
   165 | D        | Reached XP level 10. HP: 69/87 MP: 10/10
   170 | D        | Got the ring of Ufionius {Ice rCorr Dex-4 SInv Stlth+}
   177 | D        | Entered arena 8.
   177 | D        | Found the brooch of Shielding {Spirit SH+8}
   177 | D        | Noticed a cane toad
   177 | D        | Noticed a cane toad
   177 | D        | Reached **** piety under Jiyva
   178 | D        | Found a transporter.
   181 | D        | Killed a cane toad
   182 | D        | Killed a cane toad
   221 | D        | Entered arena 9.
   221 | D        | Found the +7 hand cannon "Mule" {flame, backblast, rF+}
   222 | D        | Found a transporter.
   247 | D        | Entered arena 10.
   247 | D        | Found the +8 autumn katana {manifold assault}
   247 | D        | Noticed a draconian
   247 | D        | Noticed a draconian
   247 | D        | Noticed a green draconian
   247 | D        | Noticed a red draconian
   247 | D        | Noticed a draconian
   247 | D        | Noticed a draconian
   247 | D        | Noticed a draconian
   247 | D        | Noticed a draconian
   248 | D        | Found a transporter.
   257 | D        | Killed a draconian
   260 | D        | Killed a draconian
   261 | D        | Killed a green draconian
   262 | D        | Killed a draconian
   266 | D        | Killed a draconian
   269 | D        | Killed a red draconian
   270 | D        | Gained mutation: You are partially covered in sharp spines.
                  | [demonic ancestry]
   270 | D        | Reached XP level 11. HP: 94/96 MP: 9/11
   293 | D        | Entered arena 11.
   296 | D        | Found a transporter.
   306 | D        | Gained mutation: Potions are less effective at restoring
                  | your health. [a neqoxec]
   326 | D        | Entered arena 12.
   326 | D        | Noticed a skeletal warrior
   326 | D        | Noticed a vampire mage
   327 | D        | Noticed a ghoul
   327 | D        | Noticed a necromancer
   327 | D        | Noticed an ancient lich
   328 | D        | Found a transporter.
   338 | D        | Killed a vampire mage
   342 | D        | Killed a necromancer
   342 | D        | Killed a skeletal warrior
   343 | D        | Killed a ghoul
   358 | D        | Killed an ancient lich
   397 | D        | Entered arena 13.
   397 | D        | Noticed a deep elf zephyrmancer
   397 | D        | Noticed a +7 trident of freezing
   397 | D        | Noticed a deep elf pyromancer
   397 | D        | Noticed a deep elf pyromancer
   397 | D        | Noticed a deep elf knight
   397 | D        | Noticed a +2 halberd of venom
   397 | D        | Noticed a deep elf master archer
   397 | D        | Noticed a deep elf master archer
   397 | D        | Reached ***** piety under Jiyva
   399 | D        | Killed a deep elf pyromancer
   399 | D        | Noticed a deep elf pyromancer
   400 | D        | Reached XP level 12. HP: 108/108 MP: 12/12
   404 | D        | Killed a deep elf master archer
   407 | D        | Killed a deep elf master archer
   409 | D        | Reached skill level 15 in Fighting
   412 | D        | Found a transporter.
   470 | D        | Entered arena 14.
   472 | D        | Noticed a wendigo
   472 | D        | Noticed a nargun
   479 | D        | Was placed under penance by Jiyva
   480 | D        | Killed a nargun
   481 | D        | Reached skill level 15 in Evocations
   490 | D        | Killed a wendigo
   492 | D        | Found a transporter.
   724 | D        | Entered arena 15.
   724 | D        | Noticed a green very ugly thing
   724 | D        | Noticed a green very ugly thing
   731 | D        | Killed a green very ugly thing
   734 | D        | Killed a green very ugly thing
   740 | D        | Found a transporter.
   746 | D        | Got Birok's Octavo of Bad Luck and Orientation
   760 | D        | Entered arena 16.
   760 | D        | Identified the ring "Iqyges" {rElec Str+6 Int+4 Dex+3}
   760 | D        | Noticed a deep elf master archer
   760 | D        | Identified the +8 mace of the Four Geomancers {freeze, rF+
                  | rN+ rCorr}
   760 | D        | Noticed a deep elf high priest
   760 | D        | Noticed a deep elf sorcerer
   760 | D        | Identified the staff "Dulyah" {rPois rF+ Str+5 Fire}
   760 | D        | Noticed a deep elf annihilator
   763 | D        | Noticed a deep elf master archer
   763 | D        | Killed a deep elf sorcerer
   764 | D        | Reached XP level 13. HP: 110/117 MP: 11/13
   766 | D        | Killed a deep elf master archer
   768 | D        | Reached skill level 15 in Long Blades
   768 | D        | Reached skill level 15 in Armour
   768 | D        | Reached skill level 15 in Dodging
   774 | D        | Killed a deep elf master archer
   774 | D        | Killed a deep elf annihilator
   778 | D        | Was forgiven by Jiyva
   780 | D        | Found a transporter.
   826 | D        | Entered arena 17.
   826 | D        | Lost mutation: You are very agile. (Dex +8, Str/Int -2)
                  | [Jiyva's grace]
   826 | D        | Lost mutation: Your pliable body absorbs attacks. (AC +2,
                  | EV +2) [Jiyva's grace]
   826 | D        | Lost mutation: Potions are less effective at restoring your
                  | health. [Jiyva's grace]
   826 | D        | Gained mutation: You are covered in fur. (AC +1) [Jiyva's
                  | grace]
   826 | D        | Gained mutation: You are covered in thick fur. (AC +2)
                  | [Jiyva's grace]
   826 | D        | Gained mutation: Your thick and shaggy fur keeps you warm.
                  | (AC +3, rC+) [Jiyva's grace]
   826 | D        | Gained mutation: You expend magic power (3 MP) to
                  | strengthen your wands. [Jiyva's grace]
   829 | D        | Noticed a fire giant
   829 | D        | Noticed a fire giant
   829 | D        | Noticed a stone giant
   830 | D        | Noticed a stone giant
   840 | D        | Killed a fire giant
   842 | D        | Killed a stone giant
   848 | D        | Killed a fire giant
   850 | D        | Killed a stone giant
   852 | D        | Found a transporter.
   978 | D        | Entered arena 18.
   978 | D        | Noticed a war gargoyle
   978 | D        | Noticed a war gargoyle
   980 | D        | Noticed a quicksilver elemental
   982 | D        | Killed a war gargoyle
   983 | D        | Noticed a war gargoyle
   985 | D        | Noticed an ancient champion
   985 | D        | Killed a war gargoyle
   986 | D        | Noticed a war gargoyle
   986 | D        | Noticed an ancient champion
   987 | D        | Noticed an iron golem
   987 | D        | Identified the amulet "Mauzures" {rPois rC++ Regen+}
   987 | D        | Noticed an ancient champion
   989 | D        | Killed a quicksilver elemental
   989 | D        | Identified the ring "Ohidegaf" {Fire Will+}
   989 | D        | Noticed an ancient champion
   991 | D        | Killed a war gargoyle
   992 | D        | Noticed a war gargoyle
   992 | D        | Identified the ring of the Gloaming {rElec rC+}
   992 | D        | Noticed an ancient champion
   992 | D        | Noticed a Hell Sentinel
   995 | D        | Noticed an iron golem
   996 | D        | Slimified an ancient champion
   996 | D        | an ancient champion changed into an acid blob
   996 | D        | Noticed an acid blob
   999 | D        | Killed an acid blob
  1000 | D        | Gained mutation: Your demonic aura causes all spilled blood
                  | to erupt in flames. [demonic ancestry]
  1000 | D        | Reached XP level 14. HP: 49/130 MP: 8/14
  1001 | D        | Noticed a quicksilver elemental
  1002 | D        | Slimified an ancient champion
  1002 | D        | an ancient champion changed into an acid blob
  1002 | D        | Noticed an acid blob
  1006 | D        | Killed a war gargoyle
  1010 | D        | Killed an acid blob
  1014 | D        | Killed an ancient champion
  1016 | D        | Killed an ancient champion
  1016 | D        | HP: 3/130 [iron golem (15)]
  1023 | D        | HP: 3/130 [ancient champion/+3 great sword of freezing
                  | (13)]
  1023 | D        | HP: 1/130 [ancient champion/+3 great sword of freezing (2)]
  1024 | D        | Mangled by an ancient champion

Illustrated notes

Levels and vault maps discovered:
D:        sprint_v [room_start, room_1, room_2, room_3, room_4, room_5, room_6,
          room_7, room_8, room_9, room_10, room_11, room_12, room_13, room_14,
          room_15, room_16, room_17, room_18, room_19, room_20, room_21,
          room_22, room_23, room_24, room_25, room_26, room_27]

Skill      XL: |  1  2  3  4  5  6  7  8  9 10 11 12 13 14 |
---------------+-------------------------------------------+-----
Fighting       | 4 8 9 11 12 14 16 18 | 18.3
Long Blades    | 3 7 9 10 11 13 14 16 | 16.9
Armour         | 3 7 8 10 11 13 14 16 | 16.8
Dodging        | 3 7 9 10 11 13 14 16 | 16.9
Evocations     | 2 7 9 10 12 14 15 17 18 | 18.0

Action                     |  1- 3 |  4- 6 |  7- 9 | 10-12 | 13-15 || total
---------------------------+-------+-------+-------+-------+-------++-------
  Melee: Double sword      |     5 |       |    31 |    77 |    34 ||   147
         Kick              |       |       |    13 |    31 |    21 ||    65
         Katana            |       |       |       |    20 |    17 ||    37
 Invoke: Slimify           |       |       |       |       |     2 ||     2
  Evoke: Wand              |       |       |       |     5 |     4 ||     9
         Phantom mirror    |       |       |       |       |     2 ||     2
    Use: Potion            |     2 |       |       |     2 |    10 ||    14
   Stab: Distracted        |       |       |       |       |     1 ||     1
 Armour: Plate armour      |     8 |       |    29 |   105 |    54 ||   196
  Dodge: Dodged            |     4 |       |    28 |    80 |    54 ||   166

Table legend: (Time is in decaauts)
 A = Elapsed time spent in this place.
 B = Non-inter-level travel time spent in this place.
 C = Inter-level travel time spent in this place.
 D = Time resting spent in this place.
 E = Time spent auto-exploring this place.
 F = Levels seen in this place.
 G = Mean time per level.
                   A        B        C        D        E       F      G
               +--------+--------+--------+--------+--------+-----+--------+
         Total |    989 |    989 |      0 |    362 |      6 |   1 |  989.0 |
       Dungeon |    989 |    989 |      0 |    362 |      6 |   1 |  989.0 |
               +--------+--------+--------+--------+--------+-----+--------+

Top non-repeatable levels by time:
       D: 989 daAuts
